 Dungeon Crawl Stone Soup version 0.20-a0-267-g4a7ec2a (webtiles) character file.

80 AlphabetPasta the Grasshopper (level 4, -3/30 HPs)
             Began as a High Elf Warper on Dec 6, 2016.
             Killed from afar by an orc wizard (13 damage)
             ... with a puff of flame
             ... on level 3 of the Dungeon.
             The game lasted 00:10:52 (1963 turns).

AlphabetPasta the Grasshopper (High Elf Warper)     Turns: 1963, Time: 00:10:52

Health: -3/30      AC:  3    Str: 10    XL:     4   Next: 18%
Magic:  9/9        EV: 13    Int: 17    God:
Gold:   135        SH:  0    Dex: 15    Spells: 1/8 levels left

rFire  . . .     SeeInvis .     a - +0 falchion
rCold  . . .     Gourm    .     b - +0 leather armour
rNeg   . . .     Faith    .     (no shield)
rPois  .         Spirit   .     (no helmet)
rElec  .         Reflect  .     (no cloak)
rCorr  .         Harm     .     (no gloves)
MR     .....                    (no boots)
Stlth  +.........               j - amulet of magic regeneration
                                (no ring)
                                (no ring)

@: shrouded
A: no striking features
a: no special abilities


You were on level 3 of the Dungeon.
You were not hungry.

You visited 1 branch of the dungeon, and saw 3 of its levels.

You collected 135 gold pieces.

Inventory:

Hand Weapons
 a - a +0 falchion (weapon)
Missiles
 e - 5 tomahawks of dispersal
 m - 11 tomahawks (quivered)
 q - 13 arrows
Armour
 b - a +0 leather armour (worn)
Jewellery
 j - an amulet of magic regeneration (around neck)
Scrolls
 d - a scroll of blinking
 v - a scroll of fog
Potions
 i - a potion of magic
 n - a potion of cancellation
 o - a potion of flight {unknown}
 p - a potion of ambrosia {unknown}
 u - a potion of haste {unknown}
Books
 c - a book of Spatial Translocations

   Spells                             Type                      Level
   a - Blink                          Translocation                2
   b - Shroud of Golubria             Charms/Translocation         2
   c - Lesser Beckoning               Translocation                3
   d - Portal Projectile              Translocation                3
   e - Teleport Other                 Translocation                3
   f - Passage of Golubria            Translocation                4
Comestibles
 f - 2 bread rations
 g - 3 meat rations
 h - a slice of pizza
 k - a beef jerky


   Skills:
 + Level 2.6 Fighting
 * Level 2.8 Long Blades
 - Level 1.1 Throwing
 + Level 1.6 Armour
 + Level 2.9 Dodging
 + Level 2.9 Spellcasting
 + Level 0.8 Charms
 + Level 3.6 Translocations


You had one spell level left.
You knew the following spells:

 Your Spells              Type           Power        Failure   Level  Hunger
a - Blink                 Tloc           N/A          10%         2    ##.....
b - Shroud of Golubria    Chrm/Tloc      ##........   17%         2    ##.....
c - Teleport Other        Tloc           ##......     17%         3    ###....


Dungeon Overview and Level Annotations

Branches:
Dungeon (3/15)

Altars:


Message History

The puff of flame misses you.
You feel much better. The orc wizard misses you.
The frilled lizard bites you but does no damage.
Your shroud bends the orc wizard's attack away.
The orc wizard closely misses you.
You closely miss the orc wizard.
The orc wizard gestures wildly while chanting.
The orc wizard barely misses you.
You hit the orc wizard but do no damage.
The orc wizard barely misses you.
The orc priest calls down the wrath of Beogh upon you.
Beogh smites you!
* * * LOW HITPOINT WARNING * * *
Your shroud bends the orc wizard's attack away.
The orc wizard mumbles some strange words.
The orc wizard mumbles some strange words.
All of the chunks of flesh in your inventory have rotted away.
The orc wizard points at you and mumbles some strange words.
The puff of flame hits you!
You die...

.## .# #.# #. .#
.###### #.# ##.#.#
......# #.# .....#
......# #.. ....#
......# #.##o#..#
......# #.......#
......####.##.##.#
............ol##@#
......####.#####.#
####### #l.o.lo.#
#########


You could see an orc wizard.

Vanquished Creatures
  A gnoll (D:1)
  2 adders (D:2)
  An ooze (D:1)
  A worm (D:2)
  A dart slug (D:2)
  A leopard gecko (D:1)
  An orc (D:3)
  A giant cockroach (D:2)
  3 goblins
  7 hobgoblins (D:1)
  8 kobolds
  6 ball pythons
  2 bats
  4 frilled lizards
  2 rats (D:1)
41 creatures vanquished.

Notes
Turn   | Place    | Note
-------+----------+-------------------------------------------
     0 | D:1      | AlphabetPasta the High Elf Warper began the quest for the Orb.
     0 | D:1      | Reached XP level 1. HP: 14/14 MP: 4/4
   117 | D:1      | Reached skill level 1 in Armour
   213 | D:1      | Reached XP level 2. HP: 19/19 MP: 4/6
   217 | D:1      | Learned a level 2 spell: Blink
   221 | D:1      | Learned a level 2 spell: Shroud of Golubria
   678 | D:1      | Reached XP level 3. HP: 17/25 MP: 6/8
   688 | D:1      | Learned a level 3 spell: Teleport Other
  1437 | D:2      | Reached XP level 4. HP: 21/30 MP: 7/9
  1936 | D:3      | Learned a level 3 spell: Teleport Other
  1963 | D:3      | Killed from afar by an orc wizard

Vault maps used:
D:1:      lightli_arrival_statue_moat
D:2:      first_bread
D:3:      due_unseen_surprise

Skill      XL: |  1 |
---------------+----+-----
Armour         | 1 |  1.6
Fighting       | |  2.6
Long Blades    | |  2.8
Throwing       | |  1.1
Dodging        | |  2.9
Spellcasting   | |  2.9
Charms         | |  0.8
Translocations | |  3.6

Action                   |  1- 3 |  4- 6 || total
-------------------------+-------+-------++-------
Melee: Falchion          |   127 |    22 ||   149
Throw: Tomahawk          |     2 |       ||     2
 Cast: Shroud of Golubri |    15 |     4 ||    19
  Use: Scroll            |     5 |     5 ||    10
       Potion            |       |     1 ||     1
  Eat: Chunk             |     3 |     2 ||     5
Armor: Leather armour    |    27 |     3 ||    30
Dodge: Dodged            |    84 |    20 ||   104
       Rpst.: Falchion   |    20 |     7 ||    27
